 Dungeon Crawl Stone Soup version 0.19-a0-1493-gd0fcaa6 (webtiles) character file.

32 Leszczynek the Cudgeler (level 3, 0/49 HPs)
             Began as an Ogre Necromancer on Sept 9, 2016.
             Succumbed to an adder's poison
             ... on level 2 of the Dungeon.
             The game lasted 00:03:26 (650 turns).

Leszczynek the Cudgeler (Ogre Necromancer)           Turns: 650, Time: 00:03:27

Health: 0/49       AC: 21    Str: 14    XL:     3   Next: 25%
Magic:  6/6        EV:  1    Int: 14    God:
Gold:   29         SH:  0    Dex: 10    Spells: 2 memorised, 4 levels left

rFire  . . .     SeeInvis .     j - +2 dagger (speed)
rCold  . . .     Gourm    .     (armour currently unavailable)
rNeg   + + +     Faith    .     (no shield)
rPois  +         Spirit   .     (helmet currently unavailable)
rElec  .         Dismiss  .     (cloak currently unavailable)
rCorr  .         Reflect  .     (gloves unavailable)
MR     .....     Harm     .     (boots unavailable)
Stlth  +......... NoTele   +    (no amulet)
                                (no ring)
                                (no ring)

@: lethally poisoned (0 -> -5), tree-form, drained
A: unfitting armour, (tough skin 0)
a: no special abilities


You were on level 2 of the Dungeon.
You were not hungry.
You were a tree.
You visited 1 branch of the dungeon, and saw 2 of its levels.

You collected 29 gold pieces.

Inventory:

Hand Weapons
 h - a +0 club
 j - a +2 dagger of speed (weapon)
Armour
 a - a +0 robe (melded)
Scrolls
 g - a scroll of enchant weapon
 i - a scroll of remove curse {unknown}
 l - a scroll of amnesia {unknown}
 m - a scroll of recharging {unknown}
Potions
 c - a potion of cancellation
 e - a potion of might
Books
 b - a book of Necromancy

   Spells                             Type                      Level
   a - Pain                           Necromancy                   1
   b - Animate Skeleton               Necromancy                   1
   c - Vampiric Draining              Necromancy                   3
   d - Regeneration                   Charms/Necromancy            3
   e - Animate Dead                   Necromancy                   4
   f - Control Undead                 Necromancy                   4
Comestibles
 d - a bread ration
 k - 4 chunks of flesh


   Skills:
 - Level 1.1(0.2) Fighting
 + Level 3.4(2.4) Maces & Flails
 - Level 1.7(0.8) Dodging
 - Level 1.5(0.6) Stealth
 - Level 2.4(1.4) Spellcasting
 - Level 2.9(2.0) Necromancy


You had 4 spell levels left.
You knew the following spells:

 Your Spells              Type           Power        Failure   Level  Hunger
a - Pain                  Necr           #...         14%         1    ##.....
b - Animate Skeleton      Necr           N/A          14%         1    ##.....


Dungeon Overview and Level Annotations

Branches:
Dungeon (2/15)

Altars:
Qazlal

Annotations:
D:2 Natasha


Innate Abilities, Weirdness & Mutations

You are too large for most types of armour.
((You have tough skin. (AC +1)))


Message History

You feel very mighty all of a sudden.
* * * LOW HITPOINT WARNING * * *
You feel sick. The adder barely misses you.
Unknown command.
It was a potion of cancellation.
Your magical effects are unravelling.
You feel magically purged.
You feel a little less mighty now.
The crimson imp shouts!
The adder bites you.
* * * LOW HITPOINT WARNING * * *
The adder completely misses you.
The crimson imp blinks!
It was a potion of magic.
Magic courses through your body.
* * * LOW HITPOINT WARNING * * *
You feel sick. The adder bites you.
* * * LOW HITPOINT WARNING * * *
Unknown command.
It was a potion of lignification.
You turn into a tree.
Your +0 robe melds into your body.
Your roots penetrate the ground.
You die...

#.#..#..#.
#5#.##....
##......#
#.......#
#.....#.#
#...K#5g+
#....gKr#
#######S#
#♣#
#........
#########


You could see a gnoll, a crimson imp, an adder, a kobold and a rat.

Vanquished Creatures
  A dart slug (D:1)
  A giant cockroach (D:1)
  7 goblins (D:1)
  3 hobgoblins (D:1)
  3 jackals (D:1)
  2 kobolds (D:1)
  5 bats (D:1)
  4 rats (D:1)
26 creatures vanquished.

Notes
Turn   | Place    | Note
-------+----------+-------------------------------------------
     0 | D:1      | Leszczynek the Ogre Necromancer began the quest for the Orb.
     0 | D:1      | Reached XP level 1. HP: 16/16 MP: 3/3
     2 | D:1      | Learned a level 1 spell: Animate Skeleton
   127 | D:1      | Reached skill level 1 in Fighting
   188 | D:1      | Reached skill level 1 in Maces & Flails
   278 | D:1      | Reached XP level 2. HP: 26/27 MP: 1/5
   300 | D:2      | Noticed Natasha
   310 | D:1      | Reached skill level 2 in Maces & Flails
   443 | D:1      | Reached skill level 3 in Maces & Flails
   446 | D:1      | Reached XP level 3. HP: 20/33 MP: 1/6
   615 | D:2      | Found a stormy altar of Qazlal.
   617 | D:2      | Noticed an earth elemental
   617 | D:2      | Noticed a water elemental
   618 | D:2      | Noticed an air elemental
   618 | D:2      | Noticed a fire elemental
   649 | D:2      | HP: 1/33 [adder (5)]
   650 | D:2      | Succumbed to an adder's poison

Vault maps used:
D:1:      mushboom_english_gardens
D:2:      kennysheep_the_goblin_king, nicolae_qazlal_style_of_elements,
          lemuel_doored_altar, uniq_natasha

Skill      XL: |  1  2 |
---------------+-------+-----
Fighting       | 1 |  1.1
Maces & Flails | 1 3 |  3.4
Dodging        | |  1.7
Stealth        | |  1.5
Spellcasting   | |  2.4
Necromancy     | |  2.9

Action                   || total
-------------------------++-------
Melee: Dagger            ||    53
 Cast: Pain              ||    18
       Animate Skeleton  ||     3
  Use: Potion            ||     4
       Scroll            ||     1
 Stab: Sleeping          ||     1
Armor: Robe              ||    28
Dodge: Dodged            ||    36
